SAAA
ALLOWAY HALBERDS @ GRYFINDOR BRAVES
08/19/2030
 
TOP OF THE 1ST
Alloway Halberds batting - Pitching for Gryfindor Braves : LHP Jorge Cedeño
Pitching: LHP Jorge Cedeño
Batting: RHB Vito Middendorf 0-0: Foul Ball, location: 2F
0-1: Swinging Strike
0-2: Ball
1-2: Ground out 6-3 (Groundball, 6)
Batting: RHB Dave Ash 0-0: SINGLE (Line Drive, 34D)
Batting: RHB Jerry Yates 0-0: Swinging Strike
0-1: Ball
1-1: SINGLE (Line Drive, 4)
Dave Ash to second
Runner from 2nd tries for 3rd, SAFE, no throw
Batting: RHB Ethan Stanford 0-0: Ball
1-0: Ball
2-0: Called Strike
2-1: Fly out, F5 (Popup, 25F)
Batting: RHB Bryan Clifton 0-0: Ball
1-0: Fly out, F4 (Popup, 4S)
Top of the 1st over - 0 runs, 2 hits, 0 errors, 2 left on base; Alloway 0 - Gryfindor 0
BOTTOM OF THE 1ST
Gryfindor Braves batting - Pitching for Alloway Halberds : RHP Francisco García
Pitching: RHP Francisco García
Batting: RHB Damon Newbold 0-0: Fly out, F6 (Line Drive, 6)
Batting: RHB Raúl Reyna 0-0: Swinging Strike
0-1: Fly out, F9 (Flyball, 89M)
Batting: LHB Brent van Schoonhoven 0-0: Ball
1-0: Ground out 4-3 (Groundball, 4M)
Bottom of the 1st over - 0 runs, 0 hits, 0 errors, 0 left on base; Alloway 0 - Gryfindor 0
TOP OF THE 2ND
Alloway Halberds batting - Pitching for Gryfindor Braves : LHP Jorge Cedeño
Batting: RHB Jordan Hollins 0-0: Ground out 5-3 (Groundball, 5)
Batting: SHB Jack MacAsgill 0-0: Ball
1-0: Swinging Strike
1-1: Foul Ball, location: 2F
1-2: Foul Ball, location: 2F
1-2: Strikes out looking
Batting: RHB Octávio Beltzán 0-0: Ball
1-0: Foul Ball, location: 2F
1-1: Called Strike
1-2: Ball
2-2: Strikes out swinging
Top of the 2nd over - 0 runs, 0 hits, 0 errors, 0 left on base; Alloway 0 - Gryfindor 0
BOTTOM OF THE 2ND
Gryfindor Braves batting - Pitching for Alloway Halberds : RHP Francisco García
Batting: LHB Ignacio Medine 0-0: Ball
1-0: Foul Ball, location: 2F
1-1: Swinging Strike
1-2: Ball
2-2: Ball
3-2: Foul Ball, location: 2F
3-2: Base on Balls
Batting: SHB Jake Richardson 0-0: Swinging Strike
0-1: Fly out, F7 (Flyball, 78M)
Batting: RHB Roy Herring 0-0: Called Strike
0-1: SINGLE (Groundball, 4MD)
Ignacio Medine to second
Batting: RHB Javier López 0-0: Ball
1-0: Ball
2-0: Grounds into double play, 3-6-3 (Groundball, 34)
Bottom of the 2nd over - 0 runs, 1 hit, 0 errors, 1 left on base; Alloway 0 - Gryfindor 0
TOP OF THE 3RD
Alloway Halberds batting - Pitching for Gryfindor Braves : LHP Jorge Cedeño
Batting: RHB Tracy Parker 0-0: Ball
1-0: Ball
2-0: Fly out, F9 (Flyball, 9)
Batting: RHB Vito Middendorf 0-0: Called Strike
0-1: SINGLE (Line Drive, 9)
Batting: RHB Dave Ash 0-0: Called Strike
0-1: Ball
1-1: Ball
Wild Pitch!
Vito Middendorf to second
2-1: Swinging Strike
2-2: Fly out, F9 (Line Drive, 9LD)
Runner from 2nd tags up, SAFE at 3rd, no throw
Batting: RHB Jerry Yates 0-0: Ball
1-0: Ball
2-0: Called Strike
2-1: Called Strike
Balk!
Vito Middendorf scores
2-2: Strikes out looking
Top of the 3rd over - 1 run, 1 hit, 0 errors, 0 left on base; Alloway 1 - Gryfindor 0
BOTTOM OF THE 3RD
Gryfindor Braves batting - Pitching for Alloway Halberds : RHP Francisco García
Batting: LHB Kyung-chor Pang 0-0: Ball
1-0: Called Strike
1-1: Bunted foul
1-2: Fly out, F8 (Flyball, 8RXD)
Batting: LHB Kelly Brown 0-0: Fly out, F9 (Flyball, 9LS)
Batting: RHB Damon Newbold 0-0: Called Strike
0-1: Ground out 1-3 (Groundball, 13)
Bottom of the 3rd over - 0 runs, 0 hits, 0 errors, 0 left on base; Alloway 1 - Gryfindor 0
TOP OF THE 4TH
Alloway Halberds batting - Pitching for Gryfindor Braves : LHP Jorge Cedeño
Batting: RHB Ethan Stanford 0-0: Ball
1-0: Fly out, F8 (Flyball, 8RD)
Batting: RHB Bryan Clifton 0-0: Ball
1-0: Called Strike
1-1: Foul Ball, location: 2F
1-2: Strikes out swinging
Batting: RHB Jordan Hollins 0-0: Ball
1-0: Foul Ball, location: 2F
1-1: SINGLE (Groundball, 56D)
Batting: SHB Jack MacAsgill 0-0: Ball
1-0: Ball
2-0: Called Strike
2-1: Called Strike
Jordan Hollins is caught stealing 2nd base
Top of the 4th over - 0 runs, 1 hit, 0 errors, 0 left on base; Alloway 1 - Gryfindor 0
BOTTOM OF THE 4TH
Gryfindor Braves batting - Pitching for Alloway Halberds : RHP Francisco García
Batting: RHB Raúl Reyna 0-0: Swinging Strike
0-1: Ball
1-1: Ball
2-1: Ball
3-1: Base on Balls
Batting: LHB Brent van Schoonhoven 0-0: Ball
1-0: Called Strike
1-1: Fly out, F9 (Flyball, 9LS)
Batting: LHB Ignacio Medine 0-0: Swinging Strike
0-1: Ball
1-1: Ball
2-1: Ball
3-1: Fielders Choice at 2nd, 4-6 (Groundball, 34)
Batting: SHB Jake Richardson 0-0: Called Strike
0-1: Ball
1-1: Swinging Strike
1-2: Strikes out swinging
Bottom of the 4th over - 0 runs, 0 hits, 0 errors, 1 left on base; Alloway 1 - Gryfindor 0
TOP OF THE 5TH
Alloway Halberds batting - Pitching for Gryfindor Braves : LHP Jorge Cedeño
Batting: SHB Jack MacAsgill 0-0: Called Strike
0-1: Called Strike
0-2: SINGLE (Flyball, 89M)
Batting: RHB Octávio Beltzán 0-0: Fly out, F9 (Flyball, 8RS)
Batting: RHB Tracy Parker 0-0: Ball
1-0: SINGLE (Line Drive, 78M)
Jack MacAsgill to second
Batting: RHB Vito Middendorf 0-0: Fly out, F7 (Flyball, 7)
Batting: RHB Dave Ash 0-0: Ground out 4-3 (Groundball, 4)
Top of the 5th over - 0 runs, 2 hits, 0 errors, 2 left on base; Alloway 1 - Gryfindor 0
BOTTOM OF THE 5TH
Gryfindor Braves batting - Pitching for Alloway Halberds : RHP Francisco García
Batting: RHB Roy Herring 0-0: Ball
1-0: Called Strike
1-1: Ball
2-1: Ball
3-1: Base on Balls
Batting: RHB Javier López 0-0: Bunted foul
0-1: Bunted foul
0-2: Ball
1-2: Strikes out swinging
Batting: LHB Kyung-chor Pang 0-0: Ball
1-0: Called Strike
1-1: Ball
2-1: Foul Ball, location: 2F
2-2: Strikes out swinging
Batting: LHB Kelly Brown Pickoff Throw to First - Out!
Bottom of the 5th over - 0 runs, 0 hits, 0 errors, 0 left on base; Alloway 1 - Gryfindor 0
TOP OF THE 6TH
Alloway Halberds batting - Pitching for Gryfindor Braves : LHP Jorge Cedeño
Batting: RHB Jerry Yates 0-0: Ball
1-0: Ball
2-0: Foul Ball, location: 2F
2-1: Called Strike
2-2: Strikes out swinging
Batting: RHB Ethan Stanford 0-0: Called Strike
0-1: Foul Ball, location: 2F
0-2: Ball
1-2: Ball
2-2: Strikes out swinging
Batting: RHB Bryan Clifton 0-0: Called Strike
0-1: Foul Ball, location: 2F
0-2: Ball
1-2: Ground out 4-3 (Groundball, 4M)
Top of the 6th over - 0 runs, 0 hits, 0 errors, 0 left on base; Alloway 1 - Gryfindor 0
BOTTOM OF THE 6TH
Gryfindor Braves batting - Pitching for Alloway Halberds : RHP Francisco García
Batting: LHB Kelly Brown 0-0: Fly out, F3 (Line Drive, 3)
Batting: RHB Damon Newbold 0-0: Ground out 1-3 (Groundball, 13)
Batting: RHB Raúl Reyna 0-0: Ball
1-0: Called Strike
1-1: Ball
2-1: SOLO HOME RUN (Flyball, 89XD), Distance : 437 ft
Batting: LHB Brent van Schoonhoven 0-0: Ball
1-0: Fly out, F7 (Flyball, 78S)
Bottom of the 6th over - 1 run, 1 hit, 0 errors, 0 left on base; Alloway 1 - Gryfindor 1
TOP OF THE 7TH
Alloway Halberds batting - Pitching for Gryfindor Braves : LHP Jorge Cedeño
Pinch Hitting: RHB Lúcio López 0-0: Ball
1-0: Ball
2-0: Called Strike
2-1: Foul Ball, location: 2F
2-2: Ball
3-2: Strikes out looking
Batting: SHB Jack MacAsgill 0-0: Ball
1-0: Called Strike
1-1: Foul Ball, location: 2F
1-2: Strikes out swinging
Batting: RHB Octávio Beltzán 0-0: Called Strike
0-1: Ball
1-1: Foul Ball, location: 2F
1-2: Strikes out looking
Top of the 7th over - 0 runs, 0 hits, 0 errors, 0 left on base; Alloway 1 - Gryfindor 1
BOTTOM OF THE 7TH
Gryfindor Braves batting - Pitching for Alloway Halberds : RHP Francisco García
Now at 3B: Christovão Galho
Batting: LHB Ignacio Medine 0-0: Called Strike
0-1: Swinging Strike
0-2: Ball
1-2: Ball
2-2: SINGLE (Line Drive, 6MD)
Batting: SHB Jake Richardson 0-0: Fly out, F4 (Popup, 4M)
Batting: RHB Roy Herring 0-0: Ball
1-0: Ball
2-0: Ball
3-0: Called Strike
3-1: SINGLE (Line Drive, 56)
Ignacio Medine to second
Batting: RHB Javier López 0-0: Called Strike
0-1: Ball
1-1: Ball
2-1: Foul Ball, location: 2F
2-2: SINGLE (Line Drive, 6D)
Ignacio Medine to third
Roy Herring to second
Batting: LHB Kyung-chor Pang 0-0: Ball
1-0: Grounds into fielders choice 3-2 (Groundball, 3)
Roy Herring to third
Javier López to second
Batting: LHB Kelly Brown 0-0: Ball
1-0: Ball
2-0: Ball
3-0: Called Strike
3-1: Called Strike
3-2: Base on Balls
Roy Herring scores
Javier López to third
Kyung-chor Pang to second
Batting: RHB Damon Newbold 0-0: Ball
1-0: Foul Ball, location: 2F
1-1: Swinging Strike
1-2: Strikes out swinging
Bottom of the 7th over - 1 run, 3 hits, 0 errors, 3 left on base; Alloway 1 - Gryfindor 2
TOP OF THE 8TH
Alloway Halberds batting - Pitching for Gryfindor Braves : LHP Jorge Cedeño
Now in CF: Micheal Garren
Batting: RHB Tracy Parker 0-0: Ball
1-0: Ball
2-0: Foul Ball, location: 2F
2-1: Fly out, F9 (Flyball, 89M)
Batting: RHB Vito Middendorf 0-0: Ball
1-0: Foul Ball, location: 2F
1-1: Ball
2-1: Ball
3-1: Foul Ball, location: 2F
3-2: Strikes out swinging
Batting: RHB Dave Ash 0-0: Called Strike
0-1: Ball
1-1: Ball
2-1: Swinging Strike
2-2: Foul Ball, location: 2F
2-2: SINGLE (Flyball, 89S)
Batting: RHB Jerry Yates 0-0: Ball
1-0: Foul Ball, location: 2F
1-1: Ball
2-1: Fielders Choice at 2nd, 6-4 (Groundball, 6)
Top of the 8th over - 0 runs, 1 hit, 0 errors, 1 left on base; Alloway 1 - Gryfindor 2
BOTTOM OF THE 8TH
Gryfindor Braves batting - Pitching for Alloway Halberds : RHP Francisco García
Pitching: RHP Matthew Fallows
Batting: RHB Raúl Reyna 0-0: Called Strike
0-1: Ball
1-1: Ball
2-1: Ground out 5-3 (Groundball, 56S)
Batting: LHB Brent van Schoonhoven 0-0: Fly out, F7 (Flyball, 7S)
Batting: LHB Ignacio Medine 0-0: Called Strike
0-1: Ball
1-1: Ball
2-1: Foul Ball, location: 2F
2-2: Ball
3-2: Foul Ball, location: 2F
3-2: Foul Ball, location: 2F
3-2: Fly out, F8 (Flyball, 8LM)
Bottom of the 8th over - 0 runs, 0 hits, 0 errors, 0 left on base; Alloway 1 - Gryfindor 2
TOP OF THE 9TH
Alloway Halberds batting - Pitching for Gryfindor Braves : LHP Jorge Cedeño
Batting: RHB Ethan Stanford 0-0: Ball
1-0: Ball
2-0: Ball
3-0: Base on Balls
Pinch Runner at 1st Rafael Delgado:
Batting: RHB Bryan Clifton 0-0: Ground out 5-3 (Groundball, 56S)
Rafael Delgado to second
Batting: RHB Christovão Galho 0-0: Ball
1-0: Ball
2-0: Ball
3-0: Called Strike
3-1: Base on Balls
Pitching: RHP Biff Tannen
Batting: SHB Jack MacAsgill 0-0: Ball
1-0: Called Strike
1-1: Fielders Choice at 2nd, 6-4 (Groundball, 6M)
Rafael Delgado to third
Batting: RHB Octávio Beltzán 0-0: Called Strike
0-1: Called Strike
0-2: Ball
1-2: Strikes out looking
Top of the 9th over - 0 runs, 0 hits, 0 errors, 2 left on base; Alloway 1 - Gryfindor 2
Sunday, March 18th, 2018 - OOTP Baseball 18.8 Build 76